 Dungeon Crawl Stone Soup version 0.29.1-2-gbd0b4ee654 (webtiles) character file.

Game seed: 4513787819491360070

241 xian the Digger (level 5, 0/35 HPs)
             Began as a Demonspawn Earth Elementalist on Oct 24, 2022.
             Slain by a black bear (1 damage)
             ... on level 4 of the Dungeon.
             The game lasted 00:11:39 (2892 turns).

xian the Digger (Demonspawn Earth Elementalist)     Turns: 2892, Time: 00:11:44

Health: 0/35       AC:  7    Str:  9    XL:     5   Next: 80%
Magic:  10/11      EV: 12    Int: 18    God:
Gold:   136        SH:  0    Dex: 13    Spells: 6/12 levels left

rFire   . . .      SeeInvis .   c - +0 short sword
rCold   x . .      Faith    .   (no shield)
rNeg    . . .      Spirit   .   a - +0 robe
rPois   .          Reflect  .   n - +0 helmet
rElec   .          Harm     +   p - +1 cloak
rCorr   .          Rampage  .   k - +0 pair of gloves
Will    .....      NoTele   +   (no boots)
Stlth   +++.......              s - amulet of Kamory {RegenMP -Tele Harm rC- Stlth+}
HPRegen 0.11/turn               h - ring of wizardry
MPRegen 0.52/turn               (no ring)

@: no status effects
A: demonic guardian 1, sharp scales 1, demonic touch 2
a: no special abilities


You were on level 4 of the Dungeon.
You visited 1 branch of the dungeon, and saw 4 of its levels.

You collected 239 gold pieces.
You spent 103 gold pieces at shops.

Inventory:

Hand Weapons
 c - a +0 short sword (weapon)
Missiles
 i - a throwing net
Armour
 a - a +0 robe (worn)
 f - a scarf of invisibility
 k - a +0 pair of gloves (worn)
 n - a +0 helmet (worn)
 p - a +1 cloak (worn)
Jewellery
 h - a ring of wizardry (left hand)
 s - the amulet of Kamory (around neck) {RegenMP -Tele Harm rC- Stlth+}
   (You found it on level 4 of the Dungeon)

   [amulet of magic regeneration]

   It increases your rate of magic regeneration.
   rC:        It makes you vulnerable to cold.
   -Tele:     It prevents most forms of teleportation.
   Harm:      It increases damage dealt and taken.
   Stlth:     It makes you more stealthy.
Scrolls
 d - 2 scrolls of poison {unknown}
 j - 2 scrolls of teleportation
 m - 2 scrolls of magic mapping
 o - a scroll of enchant armour {unknown}
 r - a scroll of fear {unknown}
Potions
 b - 2 potions of magic
 e - a potion of invisibility {unknown}
 g - a potion of degeneration {unknown}
 l - a potion of heal wounds
 q - a potion of lignification {unknown}


   Skills:
 + Level 0.5 Short Blades
 + Level 2.1 Dodging
 + Level 2.2 Stealth
 + Level 4.0 Spellcasting
 + Level 0.8 Transmutations
 + Level 4.3 Earth Magic


You had 6 spell levels left.
You knew the following spells:

 Your Spells              Type           Power      Damage    Failure   Level
a - Sandblast             Erth           38%        2d10      1%          1
b - Passwall              Tmut/Erth      10%        N/A       3%          2
c - Stone Arrow           Conj/Erth      22%        3d8       8%          3

Your spell library contained the following spells:

 Spells                   Type           Power      Damage    Failure   Level
 Beastly Appendage        Tmut           12%        N/A       4%          1
 Wereblood                Tmut           6%         N/A       6%          2
 Spider Form              Tmut/Pois      5%         N/A       16%         3
 Petrify                  Tmut/Erth      13%        N/A       21%         4
 Dispersal                Tloc           1%         N/A       100%        6
 Disjunction              Tloc           1%         N/A       100%        8


Dungeon Overview and Level Annotations

Branches:
Dungeon (4/15)
 Temple: D:4-7

Altars:

Shops:
D:3 ***[

Annotations:
D:2 1 runed translucent door, Crazy Yiuf, Robin
D:4 Ijyb


Innate Abilities, Weirdness & Mutations

A weak demonic guardian rushes to your aid.
You are partially covered in razor-sharp scales. (AC +1, Slay +1)
Your touch may inflict irresistible damage on your foes.


Message History

Confirm with . or Enter, or press ? or * to list all spells.
Aiming: Stone Arrow (dangerous; 8% risk of failure)
Press: ? - help, Shift-Dir - straight line, f/p - Ijyb
Aim: Ijyb, wielding a +0 dagger, wearing a +0 chain mail and carrying a wand of flame (12) (fast, ally target, 68% to hit)
Okay, then.
You swap places.
Your ufetubus hits Ijyb.
Your ufetubus barely misses Ijyb.
Ijyb closely misses your ufetubus.
Your ufetubus hits Ijyb but does no damage.
Your ufetubus barely misses Ijyb.
Ijyb hits your ufetubus with a +0 dagger.
Your ufetubus hits Ijyb but does no damage.
Your ufetubus barely misses Ijyb.
Ijyb barely misses your ufetubus.
Your ufetubus hits Ijyb but does no damage.
Your ufetubus hits Ijyb. Ijyb closely misses your ufetubus.
Your ufetubus hits Ijyb but does no damage.
Your ufetubus hits Ijyb.
Ijyb zaps a wand.
The puff of flame hits you!
* * * LOW HITPOINT WARNING * * *
Your ufetubus hits Ijyb but does no damage. x2
Ijyb closely misses your ufetubus.
Your ufetubus hits Ijyb but does no damage.
Your ufetubus closely misses Ijyb.
Ijyb hits your ufetubus with a +0 dagger.
Your ufetubus barely misses Ijyb.
Your ufetubus closely misses Ijyb.
A black bear comes into view.
Ijyb barely misses your ufetubus.
Your ufetubus hits Ijyb but does no damage.
Your ufetubus closely misses Ijyb.
Ijyb screams, "Level is mine!
All mine!"
Your ufetubus hits Ijyb.
Your ufetubus hits Ijyb but does no damage.
Ijyb completely misses your ufetubus.
Your ufetubus barely misses Ijyb. x2
Something hits your ufetubus.
Your ufetubus dies!
Your ufetubus disappears in a puff of smoke!
The black bear bites you.
* * * LOW HITPOINT WARNING * * *
The black bear closely misses you. The black bear claws you.
You die...

#....# # ####### #....#
###.....# #....#
.##.....### #....#
........).# ######.####
##......#.##### #†.....#
#..##.##.....#####.####.#
...###.######.........#..#
##.# #..........@.....#.##
#.#
#########...h....#.####
..# ###..##).#..g..5#####.
### #...###(##..###.)))...
#..### #)##.## #######.
#.# ..##.# #.. ##....# #..
#...## ... #...


You could see a black bear and Ijyb (fast).

Vanquished Creatures
  A hound (D:4)
  4 orc wizards
  2 adders
  A worm (D:2)
  10 orcs
  7 ball pythons
  7 endoplasms
  4 giant cockroaches
  6 goblins
  8 hobgoblins
  3 jackals (D:3)
  3 quokkas
  5 bats
  3 frilled lizards
  6 kobolds
  5 rats
75 creatures vanquished.

Vanquished Creatures (others)
  An orc wizard (D:4)
1 creature vanquished.

Grand Total: 76 creatures vanquished

Notes
Turn   | Place    | Note
-------+----------+-------------------------------------------
     0 | D:1      | xian the Demonspawn Earth Elementalist began the quest for
                  | the Orb.
     0 | D:1      | Reached XP level 1. HP: 13/13 MP: 3/3
   278 | D:1      | Gained mutation: Your touch may inflict minor irresistible
                  | damage on your foes. [demonic ancestry]
   278 | D:1      | Reached XP level 2. HP: 19/19 MP: 1/5
   401 | D:1      | Found a faded altar of an unknown god.
   946 | D:2      | Gained mutation: Your touch may inflict irresistible damage
                  | on your foes. [demonic ancestry]
   946 | D:2      | Reached XP level 3. HP: 16/24 MP: 3/6
   949 | D:2      | Learned a level 2 spell: Passwall
  1239 | D:2      | Learned a level 3 spell: Stone Arrow
  1605 | D:2      | Gained mutation: You are partially covered in razor-sharp
                  | scales. (AC +1, Slay +1) [demonic ancestry]
  1605 | D:2      | Reached XP level 4. HP: 27/30 MP: 0/8
  1981 | D:2      | Found a runed translucent door.
  1981 | D:2      | Noticed Robin
  1982 | D:2      | Noticed Crazy Yiuf
  2460 | D:3      | Found Idivul's General Store.
  2475 | D:3      | Bought a scroll of identify for 28 gold pieces
  2476 | D:3      | Found Evveso's General Store.
  2489 | D:3      | Found Uvvoegee's Assorted Antiques.
  2497 | D:3      | Bought a scroll labelled PEPROU LALAGG for 26 gold pieces
  2497 | D:3      | Bought a scroll labelled EFO UGYCZA for 26 gold pieces
  2497 | D:3      | Bought a clear potion for 23 gold pieces
  2568 | D:3      | Found Wishaekh's Antique Armour Shop.
  2659 | D:4      | Gained mutation: A weak demonic guardian rushes to your
                  | aid. [demonic ancestry]
  2659 | D:4      | Reached XP level 5. HP: 32/35 MP: 5/10
  2834 | D:4      | Identified the amulet of Kamory {RegenMP -Tele Harm rC-
                  | Stlth+}
  2866 | D:4      | Noticed Ijyb
  2888 | D:4      | Noticed a black bear
  2892 | D:4      | HP: 1/35 [black bear (3)]
  2892 | D:4      | Slain by a black bear

Illustrated notes

Levels and vault maps discovered:
D:1:      minmay_arrival_hallway, layout_basic,
          hellmonk_ecumenical_altar_pennies_from_heaven
D:2:      layout_loops_ring, uniq_crazy_yiuf_cottage, uniq_robin
D:3:      layout_basic, serial_shops, nicolae_shop_crystal,
          nicolae_shop_window_shopping,
          nicolae_shop_temple_entry_statues_fountains, shop
D:4:      layout_rooms, serial_shops, shop, uniq_ijyb, uniq_pargi

Skill      XL: |  1  2  3  4  5 |
---------------+----------------+-----
Stealth        | 2 |  2.2
Dodging        | 2 |  2.1
Earth Magic    | 3 4 |  4.3
Spellcasting   | 3 4 |  4.0
Short Blades   | |  0.5
Transmutations | |  0.8

Action                   |  1- 3 |  4- 6 || total
-------------------------+-------+-------++-------
Melee: Short sword       |     4 |     5 ||     9
       Touch             |     1 |       ||     1
 Cast: Sandblast         |    53 |    50 ||   103
       Stone Arrow       |       |     2 ||     2
  Use: Scroll            |       |     4 ||     4
Armor: Robe              |     9 |     2 ||    11
Dodge: Dodged            |    18 |    19 ||    37
